 Dungeon Crawl Stone Soup version 0.15-a0-982-g22bbcf6 (webtiles) character file.

30 ChumbleSpuzz the Ruinous (level 3, 14/14 HPs)
             Began as a Felid Conjurer on May 24, 2014.
             Got out of the dungeon alive.
             The game lasted 00:04:44 (1270 turns).

ChumbleSpuzz the Ruinous (Felid Conjurer)           Turns: 1270, Time: 00:04:44

HP  14/14        AC  1     Str  5      XL: 3   Next:  5%
MP   8/8         EV 18     Int 16      God:
Gold 9           SH  0     Dex 16      Spells:  1 memorised,  5 levels left
Lives: 0, deaths: 0

rFire  . . .     SeeInvis +     (weapon unavailable)
rCold  . . .     Clarity  .     (armour unavailable)
rNeg   . . .     Conserve .     (shield unavailable)
rPois  .         rCorr    .     (helmet unavailable)
rElec  .         rRot     .     (cloak unavailable)
SustAb .         Spirit   .     (gloves unavailable)
rMut   .         Warding  .     (boots unavailable)
Gourm  .         Stasis   .     (no amulet)
MR     .....                    (no ring)
                                (no ring)

@: quick, not resistant to hostile enchantments, fairly stealthy
A: paw claws, no armour, no weapons or thrown items, fangs 3, see invisible,
carnivore 3, speed 1, shaggy fur 1, slow metabolism 1, jump 1
a: Jump Attack


You escaped.
You were not hungry.

You visited 1 branch of the dungeon, and saw 1 of its levels.

You collected 9 gold pieces.

Inventory:

Comestibles
 b - 2 meat rations
Scrolls
 a - 2 scrolls of identify {unknown}
 d - a scroll of enchant weapon I {unknown}
 f - a scroll of enchant armour {unknown}
Potions
 e - a potion of haste {unknown}
Books
 c - a book of Conjurations

   Spells                             Type                      Level
   *Magic Dart                        Conjuration                  1
   Searing Ray                        Conjuration                  2
   Dazzling Spray                     Conjuration/Hexes            3
   Fulminant Prism                    Conjuration/Hexes            4
   Iskenderun's Mystic Blast          Conjuration                  4
   Iskenderun's Battlesphere          Conjuration/Charms           5


   Skills:
 - Level 0.2 Fighting
 + Level 3.3 Dodging
 + Level 3.0 Stealth
 + Level 2.3 Spellcasting
 + Level 3.9 Conjurations


You had 5 spell levels left.
You knew the following spells:

 Your Spells              Type           Power        Failure   Level  Hunger
a - Magic Dart            Conj           ##..         4%          1    #......


Dungeon Overview and Level Annotations

Branches:
Dungeon (1/15)

Altars:


Innate Abilities, Weirdness & Mutations

You cannot wear armour.
You are incapable of wielding weapons or throwing items.
Your paws have sharp claws.
You have razor-sharp teeth.
You have supernaturally acute eyesight.
You are carnivorous and can eat meat at any time.
You cover ground quickly.
You are covered in fur (AC +1).
You have a slow metabolism.
You can jump attack at a short distance.


Message History

Press: ? - help, Shift-Dir - straight line, f/p - hobgoblin
Aim: a hobgoblin, wielding a mace (lightly wounded)
The magic dart hits the hobgoblin.
The hobgoblin is moderately wounded.
Casting: Magic Dart
Confirm with . or Enter, or press ? or * to list all spells.
Aiming: Magic Dart
Press: ? - help, Shift-Dir - straight line, f/p - hobgoblin
Aim: a hobgoblin, wielding a mace (moderately wounded)
The magic dart hits the hobgoblin.
You kill the hobgoblin!
(D) Dungeon
Where to? (Enter - D:1 @ (x,y), ? - help)
Okay, then.
There is an open door here.
There is an open door here.
There is a staircase leading out of the dungeon here.
Are you sure you want to leave the Dungeon?
This will make you lose the game!
Magic restored.
You have escaped!

.........###..)..###.#...........
........#....###.# #.............
..........#.## #.# #.###....#....
.#######.##..# #.# #.# #...###.##
.P.P## #.###'###)###'###[#.# #.#.
PPP..# #.#.....+.#.....#...# #...
..♣..# #.#+#.#'#####.###.### #..♣
.♣♣♣.# #...#.#.....#.#...# #♣..
.♣PP.# #.#.#.#..@..#.#.### #...
.P...# #.#.###..>..###.# ####♣...
..#..# #.#.#.#.....#.#.###...%...
....## #...#.+.....#.#.'.....♣...
....# #.#+#.#'#####.#####...%...
...## #.#.....'%'.....# #####♣).
..## #.###'###.###'### ##♣ ###
#.............# ###############


There were no monsters in sight!

Vanquished Creatures
  2 bats (D:1)
  3 goblins (D:1)
  7 hobgoblins (D:1)
  5 jackals (D:1)
  A ball python (D:1)
  A giant cockroach (D:1)
  2 giant newts (D:1)
  5 kobolds (D:1)
  2 rats (D:1)
28 creatures vanquished.

Notes
Turn   | Place    | Note
--------------------------------------------------------------
     0 | D:1      | ChumbleSpuzz, the Felid Conjurer, began the quest for the Orb.
     0 | D:1      | Reached XP level 1. HP: 7/7 MP: 4/4
   281 | D:1      | Reached XP level 2. HP: 9/11 MP: 1/5
  1169 | D:1      | Reached XP level 3. HP: 14/14 MP: 5/8
  1270 | D:$      | Got out of the dungeon alive.

Action                   || total
-------------------------++-------
Melee: Unarmed           ||    19
 Cast: Magic Dart        ||    54
 Stab: Sleeping          ||     1
